 Dungeon Crawl Stone Soup version 0.17-a0-1979-g1c74939 (webtiles) character file.

6457 brucemayne the Severer (level 10, -2/84 HPs)
             Began as a Hill Orc Berserker on Oct 5, 2015.
             Was a Priest of Trog.
             Slain by an orc warrior
             ... wielding a +0 trident
              (5 damage)
             ... on level 3 of the Orcish Mines.
             The game lasted 00:24:08 (3816 turns).

brucemayne the Severer (Hill Orc Berserker)         Turns: 3816, Time: 00:24:08

Health: -2/84      AC: 17    Str: 22    XL:     10   Next: 99%
Magic:  18/19      EV:  7    Int:  8    God:    Trog [***...]
Gold:   587        SH:  0    Dex:  8    Spells: 0 memorised, 9 levels left

rFire  . . .     SeeInvis .     n - +1 hand axe (venom)
rCold  . . .     Clarity  .     O - +2 plate armour of Beyond {rN+ MP+9 Int+3}
rNeg   + . .     SustAt   +     (no shield)
rPois  .         Gourm    .     (no helmet)
rElec  .         Spirit   .     s - +0 cloak
rCorr  .         Warding  .     (no gloves)
rMut   .         Rnd*Tele +     (no boots)
MR     ++...                    (no amulet)
Stlth  ..........               k - ring of sustain attributes
                                e - ring of teleportation

@: exhausted, regenerating, very resistant to hostile enchantments, extremely
unstealthy
A: talons 1, clumsy 1, dopey 1, screaming 2, weak 1, wild magic 1
a: Burn Spellbooks, Berserk, Trog's Hand, Renounce Religion, Convert to Beogh,
Evoke Teleportation


You were on level 3 of the Orcish Mines.
You worshipped Trog.
Trog was most pleased with you.
You were not hungry.

You visited 3 branches of the dungeon, and saw 14 of its levels.
You also visited: Ossuary.

You collected 587 gold pieces.

Inventory:

Hand Weapons
 a - a +0 hand axe
 d - the cursed +0 mace "Ozetwoi" {elec, rElec rF+ rC+ Int-2, unknown}
   (You found it on level 8 of the Dungeon)

   Occasionally, upon striking a foe, it will discharge some electrical energy
   and cause terrible harm.
   It affects your intelligence (-2).
   It protects you from fire.
   It protects you from cold.
   It insulates you from electricity.
   It has a curse placed upon it.
 n - a +1 hand axe of venom (weapon)
 o - a +1 war axe
 y - the +1 long sword of Talenol {venom, rPois rF- Str+2, unknown}
   (You found it on level 7 of the Dungeon)

   It poisons the flesh of those it strikes.
   It affects your strength (+2).
   It makes you vulnerable to fire.
   It protects you from poison.
 F - a +0 falchion of flaming
Armour
 b - a +0 animal skin
 f - a +0 ring mail
 s - a +0 cloak (worn)
 M - a +0 plate armour
 O - the +2 plate armour of Beyond (worn) {rN+ MP+9 Int+3}
   (You found it on level 3 of the Orcish Mines)

   It affects your intelligence (+3).
   It protects you from negative energy.
   It affects your magic capacity (+9).
Magical Staves
 u - an uncursed staff of poison {unknown}
Jewellery
 e - a ring of teleportation (left hand)
 k - a ring of sustain attributes (right hand)
 x - an uncursed ring of wizardry
 J - an uncursed ring of fire
Wands
 m - a wand of digging (4)
 r - a wand of digging (2)
 N - a wand of magic darts (13)
Scrolls
 p - a scroll of acquirement {unknown}
 q - 3 scrolls of remove curse
 w - 2 scrolls of immolation {unknown}
 A - a scroll of random uselessness {unknown}
 B - a scroll of recharging {unknown}
 C - a scroll of magic mapping
 G - 2 scrolls of fear {unknown}
 H - a scroll of blinking {unknown}
Potions
 h - 2 potions of lignification
 l - a potion of ambrosia
 t - a potion of cancellation
 v - a potion of berserk rage
 z - a potion of haste
 D - a potion of degeneration
 E - 3 potions of brilliance
 I - a potion of mutation {unknown}
Comestibles
 c - 2 bread rations
 g - a chunk of flesh
 j - 4 meat rations
 K - 6 fruits
 L - 6 slices of pizza


   Skills:
 - Level 6.6 Fighting
 + Level 16.9 Axes
 - Level 8.6 Armour
 - Level 1.5 Dodging


You had 9 spell levels left.
You didn't know any spells.

Dungeon Overview and Level Annotations

Branches:
Dungeon (9/15)             Temple (1/1) D:6             Orc (4/4) D:9
    Elf (0/3) Orc:3
   Lair: D:8-11

Altars:
Ashenzari
Elyvilon
Gozag
Makhleb
Nemelex Xobeh
Qazlal
Trog
Xom
Yredelemnul
Zin
The Shining One

Shops:
D:9 (   Orc:1 (%((?   Orc:2 !   Orc:4 *

Annotations:
Orc:1 exclusion: downstairs
Orc:2 Snorg
Orc:3 exclusion: downstairs


Innate Abilities, Weirdness & Mutations

You have sharp toenails.
You are clumsy. (Dex -2)
You are dopey. (Int -2)
You sometimes yell uncontrollably at your foes.
You are weak. (Str -2)
Your spells are a little harder to cast, but a little more powerful.


Message History

Use which ability?
You fail to use your ability.
The orc warrior hits you but does no damage.
The orc hits you but does no damage.
The orc warlord roars a battlecry!
The orc warrior goes into a battle-frenzy!
The orc warrior hits you with a glaive.
* * * LOW HITPOINT WARNING * * *
An orc wizard comes into view. It is wielding a dagger.
An orc and an orc warrior come into view.
The orc warrior shouts!
The orc wizard mumbles some strange words.
The orc wizard flickers and vanishes!
Deactivating autopickup; reactivate with Ctrl-A.
The orc hits you but does no damage. The orc warrior closely misses you.
You yell at the orc!
An orc comes into view. It is wielding a whip.
You hear a shout! x5
The orc warrior hits you from afar with a trident.
You die...

##################
#.......#$$=.$$$$#
#...o..o'$..}$$$$#
.oo..ooo@#$$)$$o$$#......
.o..ooooo######oh$#.....#
o#...ooooO....##(o#.....#
##....oooo.o..##}#......
#...oooooo.o..###......
#........o..... #......
#..o...#....... #......
#.....###...... #.).
#o..... ...... ###[<


You could see an orc warlord, an orc sorcerer (frenzied), 11 orc warriors, an
ogre, 2 orc priests, an orc wizard (frenzied) and 13 orcs.

Vanquished Creatures
  A hydra (D:8)
  Erica (D:8)
  An orc knight (Orc:3)
  A troll (Orc:3)
  Eustachio (D:5)
  2 yaks (D:8)
  A necrophage (D:7)
  4 ogres
  2 sky beasts (D:8)
  7 orc warriors
  4 big kobolds
  3 centaurs
  4 elf zombies (Ossuary)
  4 giant frogs
  A water moccasin zombie (D:7)
  3 scorpions
  4 wights (D:8)
  3 centaur zombies
  3 vampire bats (Orc:3)
  2 centaur skeletons
  10 orc priests
  A jelly (D:9)
  7 orc wizards
  6 human zombies (Ossuary)
  A hound (D:4)
  2 worker ants
  3 iguanas
  2 sheep (D:8)
  3 mummies (Ossuary)
  9 adders
  A worker ant zombie (D:8)
  An adder zombie (D:5)
  2 adder skeletons (D:4)
  83 orcs
  3 giant cockroaches
  2 goblins
  2 hobgoblins (D:2)
  A quokka (D:9)
  A ball python (D:2)
  7 bats
  A giant newt (D:1)
  13 kobolds
  11 rats
224 creatures vanquished.

Vanquished Creatures (others)
  An orc (D:8)
1 creature vanquished.

Grand Total: 225 creatures vanquished

Notes
Turn   | Place    | Note
--------------------------------------------------------------
     0 | D:1      | brucemayne the Hill Orc Berserker began the quest for the Orb.
     0 | D:1      | Reached XP level 1. HP: 19/19 MP: 1/1
     6 | D:1      | Noticed a lindwurm
     6 | D:1      | Noticed a komodo dragon
     6 | D:1      | Noticed a fire drake
     6 | D:1      | Noticed a black mamba
   113 | D:1      | Reached XP level 2. HP: 19/26 MP: 2/2
   215 | D:2      | Reached skill level 5 in Axes
   238 | D:2      | Reached XP level 3. HP: 28/31 MP: 3/3
   371 | D:2      | Found an opulent altar of Gozag.
   374 | D:2      | Found a sparkling altar of Nemelex Xobeh.
   377 | D:2      | Found a glowing silver altar of Zin.
   383 | D:2      | Found a stormy altar of Qazlal.
   385 | D:2      | Acquired Trog's second power
   587 | D:4      | Reached skill level 6 in Axes
   587 | D:4      | Reached XP level 4. HP: 39/39 MP: 4/4
   726 | D:4      | Reached skill level 7 in Axes
   768 | D:4      | Found a sparkling altar of Nemelex Xobeh.
   803 | D:4      | Noticed an ogre
   819 | D:4      | Killed an ogre
   819 | D:4      | Reached skill level 8 in Axes
   819 | D:4      | Reached XP level 5. HP: 26/45 MP: 5/5
   905 | D:4      | Reached XP level 6. HP: 32/51 MP: 6/6
  1148 | D:5      | Entered Level 5 of the Dungeon
  1156 | D:5      | Noticed Eustachio
  1167 | D:5      | Killed Eustachio
  1167 | D:5      | Reached skill level 9 in Axes
  1322 | D:6      | Reached skill level 10 in Axes
  1322 | D:6      | Reached XP level 7. HP: 35/57 MP: 7/7
  1417 | D:6      | Reached skill level 11 in Axes
  1481 | D:5      | Found a bloodstained altar of Trog.
  1481 | D:5      | Found a white marble altar of Elyvilon.
  1484 | D:5      | Found a basalt altar of Yredelemnul.
  1622 | D:6      | Reached XP level 8. HP: 34/67 MP: 8/8
  1654 | D:6      | Found a staircase to the Ecumenical Temple.
  1664 | Temple   | Entered the Ecumenical Temple
  1754 | D:7      | Reached skill level 5 in Fighting
  1831 | D:7      | Reached skill level 12 in Axes
  1863 | D:7      | Got a translucent long sword
  1970 | D:8      | Found a sand-covered staircase.
  1980 | Ossuary  | Entered an ossuary
  2098 | Ossuary  | HP: 1/70 [elf zombie (7)]
  2114 | Ossuary  | Reached XP level 9. HP: 13/77 MP: 9/9
  2230 | D:8      | Reached skill level 13 in Axes
  2230 | D:8      | Reached skill level 5 in Armour
  2244 | D:8      | Gained mutation: You are dopey. (Int -2) [mutagenic meat]
  2245 | D:8      | Gained mutation: Your spells are a little harder to cast, but a little more powerful. [mutagenic meat]
  2246 | D:8      | Gained mutation: You are clumsy. (Dex -2) [mutagenic meat]
  2247 | D:8      | Gained mutation: You occasionally shout uncontrollably at your foes. [mutagenic meat]
  2249 | D:8      | Gained mutation: You are weak. (Str -2) [mutagenic meat]
  2259 | D:8      | Got a warped mace
  2452 | D:8      | Gained mutation: You sometimes yell uncontrollably at your foes. [mutagenic meat]
  2453 | D:8      | Gained mutation: You have sharp toenails. [mutagenic meat]
  2460 | D:8      | Noticed Erica
  2502 | D:8      | Killed Erica
  2515 | D:8      | Got a tattered robe
  2532 | D:8      | Reached skill level 14 in Axes
  2591 | D:9      | Found Zegu's Weapon Shoppe.
  2698 | D:8      | Reached XP level 10. HP: 26/84 MP: 10/10
  2744 | D:8      | Noticed a two-headed hydra
  2757 | D:8      | Killed a one-headed hydra
  2768 | D:8      | Reached skill level 15 in Axes
  2933 | D:9      | Found a staircase to the Orcish Mines.
  2977 | Orc:1    | Entered Level 1 of the Orcish Mines
  2977 | Orc:1    | Found Jeynub's Magic Scroll Shoppe.
  2977 | Orc:1    | Found Novufoff's Antique Weapon Shoppe.
  3113 | Orc:1    | Found Oxuhev's Weapon Shoppe.
  3132 | Orc:1    | Found Edghok's Food Shop.
  3193 | Orc:1    | Found Woim's Weapon Shoppe.
  3267 | Orc:2    | Noticed Snorg
  3279 | Orc:2    | Noticed an orc knight
  3287 | Orc:1    | Acquired Trog's third power
  3291 | Orc:2    | Found Oqitexzu's Distillery.
  3455 | Orc:2    | Found a burning altar of Makhleb.
  3472 | Orc:3    | Found a staircase to the Elven Halls.
  3501 | Orc:3    | Reached skill level 16 in Axes
  3611 | Orc:3    | Noticed an orc sorcerer
  3611 | Orc:3    | Paralysed by an orc sorcerer for 7 turns
  3613 | Orc:3    | Noticed an orc warlord
  3662 | Orc:3    | Got a steaming plate armour
  3688 | Orc:3    | Noticed an orc knight
  3691 | Orc:3    | Received a gift from Trog
  3694 | Orc:3    | Noticed an orc warlord
  3703 | Orc:3    | Killed an orc knight
  3724 | Orc:3    | Identified the +2 plate armour of Beyond {rN+ MP+9 Int+3} (You found it on level 3 of the Orcish Mines)
  3748 | Orc:4    | Entered Level 4 of the Orcish Mines
  3748 | Orc:4    | Found Xichejeu's General Store.
  3748 | Orc:4    | Noticed a cyclops
  3748 | Orc:4    | Noticed a cyclops
  3748 | Orc:4    | Noticed a stone giant
  3748 | Orc:4    | Noticed a cyclops
  3801 | Orc:3    | Noticed an orc knight
  3808 | Orc:3    | Noticed an orc sorcerer
  3812 | Orc:3    | Noticed an orc warlord
  3814 | Orc:3    | HP: 1/84 [orc warrior/glaive[an orc knight] (6)]
  3816 | Orc:3    | Slain by an orc warrior

Vault maps used:
D:1:      onia_arrival_zoo_common
D:2:      grunt_temple_overflow_cloverleaf, first_bread
D:3:      nicolae_ru_great_annihilating_truth, uniq_terence
D:4:      minmay_misc_feat_enclosed, nemelex_xobeh_ov_fountains_minmay
D:5:      nicolae_overflow_hidden_temple, uniq_edmund, uniq_eustachio
D:6:      temple_hall, uniq_grinder
D:8:      lightli_ossuary_entry_decrepit_ruins, hangedman_ranch,
          kennysheep_generic_room_4, uniq_prince_ribbit1, uniq_erica
D:9:      orc_david_3, serial_shops, kennysheep_mini_moat, uniq_psyche
Temple:   oiseaux_autumnal_temple_12
Orc:1:    serial_shops, shop, shop, nicolae_shop_behind_doors,
          nicolae_shop_crystal, nicolae_shop_crystal
Orc:2:    basic_altar, serial_shops, shop,
          nicolae_shop_temple_entry_statues_fountains, nicolae_shop_stone,
          uniq_snorg
Orc:3:    basic_altar, nicolae_orc_pool_cavern, roderic_batcave,
          minmay_orc_treasury
Orc:4:    grunt_orc_gardens, grunt_orc_garden, grunt_orc_garden,
          grunt_orc_garden, grunt_orc_garden, basic_altar,
          nicolae_orc_lava_tube, hangedman_minor_magic
Ossuary:  ossuary_minmay_four_chambers

Action                   |  1- 3 |  4- 6 |  7- 9 | 10-12 || total
-------------------------+-------+-------+-------+-------++-------
Melee: Hand axe          |    81 |    93 |   159 |   255 ||   588
       War axe           |       |       |   132 |       ||   132
       Falchion          |       |       |       |    12 ||    12
Invok: Berserk           |     2 |     5 |     5 |     5 ||    17
       Trog's Hand       |       |     1 |     7 |    12 ||    20
       Brothers in Arms  |       |       |       |     1 ||     1
 Abil: Evoke Teleportati |       |       |       |     1 ||     1
Evoke: Wand              |       |       |       |     4 ||     4
  Use: Scroll            |     2 |     3 |     9 |     3 ||    17
       Potion            |       |       |     5 |     1 ||     6
  Eat: Chunk             |       |     7 |    17 |     5 ||    29
       Pizza             |       |     1 |       |       ||     1
       Bread ration      |       |       |     1 |       ||     1
       Beef jerky        |       |       |     1 |       ||     1
       Fruit             |       |       |       |     6 ||     6
